 Dungeon Crawl Stone Soup version 0.31-a0-692-gf03d1854d5 (webtiles) character file.

Game seed: 16802090978517338537

65 qw the Shooter (level 4, 0/28 HPs)
             Began as a Gargoyle Hunter on Sept 6, 2023.
             Slain by a kobold
             ... wielding a +0 club
              (1 damage)
             ... on level 2 of the Dungeon.
             The game lasted 00:00:31 (1336 turns).

qw the Shooter (Gargoyle Hunter)                    Turns: 1336, Time: 00:00:32

Health: 0/28       AC: 10    Str: 15    XL:     4   Next: 13%
Magic:  4/4        EV: 11    Int:  9    God:
Gold:   7          SH:  0    Dex: 15    Spells: 3/3 levels left

rFire   . . .        Y - +0 shortbow
rCold   . . .        (shield currently unavailable)
rNeg    + . .        c - +0 leather armour
rPois   inf          (no helmet)
rElec   +            (no cloak)
rCorr   .            (no gloves)
SInv    .            (no boots)
Will    .....        (no amulet)
Stlth   ++           g - +4 ring of protection
HPRegen 0.24/turn    (no ring)
MPRegen 0.09/turn

%: no passive effects
@: no status effects
A: sickness immunity, AC +3, negative energy resistance 1, electricity
resistance, torment resistance 1, petrification resistance
a: no special abilities


You were on level 2 of the Dungeon.
You visited 1 branch of the dungeon, and saw 3 of its levels.

You collected 55 gold pieces.
You spent 48 gold pieces at shops.


Innate Abilities, Weirdness & Mutations

You are immune to sickness and miasma.
Your stone body is resilient. (AC +3)
You are immune to poison.
You resist negative energy. (rN+)
You are resistant to electric shocks. (rElec)
You are resistant to unholy torment.
You are immune to petrification.


   Skills:
 - Level 3.1 Fighting
 + Level 5.1 Ranged Weapons
 - Level 1.5 Dodging
 - Level 1.1 Stealth


You had 3 spell levels left.
You didn't know any spells.
Your spell library was empty.

Inventory:

Hand Weapons
 Y - a +0 shortbow (weapon)
Armour
 c - a +0 leather armour (worn)
Jewellery
 g - a +4 ring of protection (left hand)
Scrolls
 h - a scroll of identify
Potions
 e - a potion of curing
 f - a potion of resistance {unknown}

Dungeon Overview and Level Annotations

Branches:
Dungeon (3/15)

Altars:

Shops:
D:2 ?


Message History

The ogre is lightly wounded.
The ogre barely misses you. The kobold barely misses you.
You shoot an arrow. The arrow hits the ogre.
The ogre is moderately wounded.
The kobold closely misses you.
The ogre hits you with a +0 giant spiked club!
You shoot an arrow. The arrow completely misses the ogre.
The arrow hits the orc!
You kill the orc!
The kobold barely misses you.
The ogre hits you with a +0 giant spiked club!
Ouch! That really hurt!
1329 ||| DRINKING potion of heal wounds.
You feel much better. The kobold barely misses you.
You shoot an arrow. The arrow hits the ogre.
The ogre is moderately wounded.
You flicker for a moment.
The kobold hits you but does no damage. The ogre barely misses you.
You shoot an arrow. The arrow hits the ogre.
The ogre is heavily wounded.
The kobold completely misses you. The ogre barely misses you.
The kobold closely misses you.
You shoot an arrow. The arrow barely misses the ogre.
The kobold closely misses you.
The ogre hits you with a +0 giant spiked club!!
Ouch! That really hurt!
You shoot an arrow. The arrow hits the ogre.
The ogre is heavily wounded.
The kobold hits you with a +0 club. The ogre barely misses you.
You shoot an arrow. The arrow hits the ogre.
The ogre is heavily wounded.
You flicker back into view.
The kobold barely misses you.
You shoot an arrow. The arrow closely misses the ogre.
The kobold hits you with a +0 club. The ogre barely misses you.
You shoot an arrow. The arrow hits the ogre.
The ogre is severely wounded.
The kobold hits you with a +0 club.
You die...

########### ######
#!........#
##.....
#.#######.##
##..#### #.#
#)O@K..######....#
#.#
#.###............#
#.#
#.###.#######....#
#.###..##.# ##.###
#....%....# #.#
######.#### #.# ##
#.# ##'## #. #.#
##...###. #.###
##.....##.


You could see an ogre and a kobold.

Vanquished Creatures
  An adder (D:2)
  A worm (D:2)
  2 dart slugs (D:2)
  An orc (D:2)
  4 ball pythons
  5 endoplasms
  A giant cockroach (D:1)
  9 goblins
  4 hobgoblins
  2 jackals (D:1)
  2 kobolds (D:2)
  A quokka (D:1)
  2 bats
  4 frilled lizards
  3 rats
42 creatures vanquished.

Notes
Turn   | Place    | Note
-------+----------+-------------------------------------------
     0 | D:1      | qw the Gargoyle Hunter began the quest for the Orb.
     0 | D:1      | Reached XP level 1. HP: 12/12 MP: 1/1
     0 | D:1      | 0 ||| qw: Version: 0.3-a-76-g4403597
     0 | D:1      | 0 ||| qw: Game counter: 274
     0 | D:1      | 0 ||| qw: Melee chars always use a shield: true
     0 | D:1      | 0 ||| qw: God list: Okawaru
     0 | D:1      | 0 ||| qw: Allow faded altars: false
     0 | D:1      | 0 ||| qw: Do Orc after clearing Dungeon:15 true
     0 | D:1      | 0 ||| qw: Do second Lair branch before Depths: true
     0 | D:1      | 0 ||| qw: Lair rune preference: random
     0 | D:1      | 0 ||| qw: Goals: Normal
     0 | D:1      | 0 ||| PLANNING D:1-11
   156 | D:1      | Reached XP level 2. HP: 17/17 MP: 2/2
   464 | D:1      | 464 ||| UPGRADING to +4 ring of protection.
   465 | D:1      | 465 ||| READING 2 scrolls labelled WEOSHA JAOTA.
   466 | D:1      | 466 ||| READING scroll labelled BOZ PAEK YGOJY.
   467 | D:1      | 467 ||| READING scroll labelled ASUCU PAUMUUJ.
   471 | D:1      | 471 ||| DROPPING scroll of poison.
   472 | D:1      | 472 ||| DROPPING scroll of butterflies.
   540 | D:2      | Reached XP level 3. HP: 21/21 MP: 3/3
   545 | D:2      | Reached skill level 5 in Ranged Weapons
   715 | D:2      | Identified the +0 robe of Tudeve Arah {-Tele rPois rCorr}
   949 | D:2      | Reached skill level 3 in Fighting
   991 | D:2      | Found Pehoqaik's Magic Scroll Boutique.
   999 | D:2      | 999 ||| BUYING scroll of identify (24 gold).
   999 | D:2      | Bought a scroll of identify for 24 gold pieces
   999 | D:2      | 999 ||| BUYING scroll of identify (24 gold).
   999 | D:2      | Bought a scroll of identify for 24 gold pieces
   999 | D:2      | 999 ||| SHOPLISTING scroll of identify (24 gold, have 7).
   999 | D:2      | 999 ||| SHOPLISTING scroll of teleportation (36 gold, have
                  | 7).
  1043 | D:2      | Reached XP level 4. HP: 28/28 MP: 4/4
  1302 | D:2      | 1302 ||| DROPPING +0 robe of Tudeve Arah {-Tele rPois
                  | rCorr}.
  1303 | D:2      | 1303 ||| DRINKING 2 bubbling purple potions.
  1304 | D:2      | 1304 ||| DRINKING 2 smoky orange potions.
  1305 | D:2      | 1305 ||| READING 2 scrolls of identify.
  1305 | D:2      | 1305 ||| IDENTIFYING green potion
  1306 | D:2      | 1306 ||| DROPPING potion of invisibility.
  1321 | D:3      | Noticed an ogre
  1324 | D:3      | 1324 ||| STAIRDANCE
  1328 | D:2      | HP: 1/28 [ogre/+0 giant spiked club (16)]
  1329 | D:2      | 1329 ||| DRINKING potion of heal wounds.
  1333 | D:2      | HP: 4/28 [kobold/+0 club (1)]
  1335 | D:2      | HP: 1/28 [kobold/+0 club (4)]
  1336 | D:2      | Slain by a kobold

Levels and vault maps discovered:
D:1:      ncdulo_wetmaze, layout_rooms
D:2:      layout_loops_corners, serial_shops, shop
D:3:      layout_loops_ring, minitemple, nicolae_concentric_dashed_squares_wild

Skill      XL: |  1  2  3 |
---------------+----------+-----
Ranged Weapons | 5 |  5.1
Fighting       | 3 |  3.1
Dodging        | |  1.5
Stealth        | |  1.1

Action                     |  1- 3 |  4- 6 || total
---------------------------+-------+-------++-------
   Fire: Shortbow          |   100 |    17 ||   117
    Use: Scroll            |     3 |     1 ||     4
         Potion            |       |     3 ||     3
 Armour: Leather armour    |    21 |    11 ||    32
  Dodge: Dodged            |    21 |    20 ||    41

Table legend:
 A = Non-vault XP
 B = Vault XP
 C = Vault XP percentage of total XP
 D = Non-vault monster count
 E = Vault monster count
 F = Vault count percentage of total count
                 A         B        C        D         E       F
            +---------+---------+-------+---------+---------+-------
      Total |      93 |       0 |   0.0 |      42 |       0 |   0.0
            +---------+---------+-------+---------+---------+-------
        D:1 |      29 |       0 |   0.0 |      17 |       0 |   0.0
        D:2 |      60 |       0 |   0.0 |      23 |       0 |   0.0
        D:3 |       4 |       0 |   0.0 |       2 |       0 |   0.0
            +---------+---------+-------+---------+---------+-------
